 Dungeon Crawl Stone Soup version 0.27.1-1-g398f81649c (webtiles) character file.

Game seed: 16470029621428732125

14 ABBCCCDDDD the Sneak (level 2, 0/21 HPs)
             Began as an Octopode Brigand on Sept 12, 2021.
             Succumbed to a goblin's poison
             ... on level 1 of the Dungeon.
             The game lasted 00:00:26 (718 turns).

ABBCCCDDDD the Sneak (Octopode Brigand)              Turns: 718, Time: 00:00:27

Health: 0/21       AC:  1    Str: 10    XL:     2   Next: 41%
Magic:  2/2        EV: 12    Int: 13    God:
Gold:   7          SH:  0    Dex: 13    Spells: 1/1 levels left

rFire    . . .     SeeInvis .   a - +2 dagger
rCold    . . .     Faith    .   (no shield)
rNeg     . . .     Spirit   .   (helmet restricted)
rPois    .         Reflect  .   (no amulet)
rElec    .         Harm     .   (no ring)
rCorr    .         Rampage  .   (no ring)
Will     .....                  (no ring)
Stlth    ++++......             (no ring)
HPRegen  0.07/turn              (no ring)
MPRegen  0.08/turn              (no ring)
                                (no ring)
                                (no ring)

@: mighty, lethally poisoned (0 -> -20)
A: almost no armour, amphibious, 8 rings, camouflage 1, gelatinous body 1,
(nimble swimmer 1), tentacles
a: no special abilities


You were on level 1 of the Dungeon.
You visited 1 branch of the dungeon, and saw 1 of its levels.

You collected 7 gold pieces.

Inventory:

Hand Weapons
 a - a +2 dagger (weapon)
Missiles
 b - 23 poisoned darts (quivered)
 c - 2 curare-tipped darts
Potions
 d - a potion of magic {unknown}
 f - a potion of curing {unknown}
 g - a potion of mutation {unknown}


   Skills:
 + Level 3.0 Fighting
 - Level 2.0 Short Blades
 - Level 2.0 Throwing
 - Level 1.0 Dodging
 - Level 5.3 Stealth


You had one spell level left.
You didn't know any spells.
Your spell library was empty.

Dungeon Overview and Level Annotations

Branches:
Dungeon (1/15)

Altars:


Innate Abilities, Weirdness & Mutations

You cannot wear most types of armour.
You are amphibious.
You can wear up to eight rings at the same time.
Your skin changes colour to match your surroundings (Stealth+).
Your rubbery body absorbs attacks. (AC +1, EV +1)
((You are camouflaged near water. (Stealth+)))
You have tentacles for arms and can constrict up to eight enemies at once.


Message History

A goblin comes into view. It is wielding a +0 dagger.
The goblin shouts!
A goblin is nearby!
The goblin completely misses you.
You hit the goblin. You grab the goblin. You squeeze the goblin.
The goblin is almost dead.
You constrict the goblin.
You kill the goblin!
No target in view!
Things that are here:
a +0 dagger; a goblin corpse
Found a leather armour.
You see here a +0 leather armour.
There is an open door here.
There is an open door here.
You open the door.
There is an open door here.
A goblin comes into view. It is wielding a +1 dagger of venom.
A goblin is nearby!
The goblin shouts!
You see here 7 gold pieces.
The goblin hits you with a +1 dagger of venom.
You hit the goblin. Your grab misses the goblin.
The goblin is heavily wounded.
The goblin hits you with a +1 dagger of venom.
You are poisoned.
You hit the goblin. Your grab misses the goblin.
The goblin is severely wounded.
You feel very sick.
The goblin hits you with a +1 dagger of venom.
You are more poisoned.
You are too injured to fight recklessly!
You barely miss the goblin. You grab the goblin. You squeeze the goblin.
You kill the goblin!
* * * LOW HITPOINT WARNING * * *
You feel very sick.
Your Fighting skill increases to level 3!
It was a potion of might.
You feel very mighty all of a sudden.
You die...

... ... #.# #.# ##+##
#.# ##...## #.####
##.....## #.##.##
##...)...##
###.#...####....@....#
...........+....$....+
.##.#...####.........#
.##.##..# ##.......##
.##.###.# ##.....##
.##.###.# ##...##
##......# ##'##
.##.##### #.# .##.#
#.#


There were no monsters in sight!

Levels and vault maps discovered:
D:1:      matt_arrival_spirals, layout_loops_corners

Notes
Turn   | Place    | Note
-------+----------+-------------------------------------------
     0 | D:1      | ABBCCCDDDD the Octopode Brigand began the quest for the
                  | Orb.
     0 | D:1      | Reached XP level 1. HP: 14/14 MP: 1/1
   327 | D:1      | Reached XP level 2. HP: 15/20 MP: 2/2
   718 | D:1      | Succumbed to a goblin's poison

Table legend: (Time is in decaauts)
 A = Elapsed time spent in this place.
 B = Non-inter-level travel time spent in this place.
 C = Inter-level travel time spent in this place.
 D = Time resting spent in this place.
 E = Time spent auto-exploring this place.
 F = Levels seen in this place.
 G = Mean time per level.
                   A        B        C        D        E       F      G
               +--------+--------+--------+--------+--------+-----+--------+
         Total |    716 |    716 |      0 |      0 |    645 |   1 |  716.0 |
       Dungeon |    716 |    716 |      0 |      0 |    645 |   1 |  716.0 |
               +--------+--------+--------+--------+--------+-----+--------+

Top non-repeatable levels by time:
     D:1: 716 daAuts

Table legend:
 A = Kills in this place as a percentage of kills in entire the game.
 B = Kills by you in this place as a percentage of kills by you in the entire game.
 C = Kills by friends in this place as a percentage of kills by friends in the entire game.
 D = Other kills in this place as a percentage of other kills in the entire game.
 E = Experience gained in this place as a percentage of experience gained in the entire game.
 F = Experience gained in this place divided by the number of levels of this place that you have seen.
                   A       B       C       D       E      F
               +-------+-------+-------+-------+-------+----------------------
         Total | 100.0 | 100.0 |   N/A |   N/A | 100.0 |  20.0
       Dungeon | 100.0 | 100.0 |   N/A |   N/A | 100.0 |  20.0
               +-------+-------+-------+-------+-------+----------------------

Action                   || total
-------------------------++-------
Melee: Dagger            ||    18
       Constrict         ||     6
       Tentacles         ||     4
  Use: Potion            ||     1
 Stab: Sleeping          ||     4
Armor: Skin              ||     1
Dodge: Dodged            ||     5

Vanquished Creatures
  A ball python (D:1)
  A bat (D:1)
  A giant cockroach (D:1)
  2 goblins (D:1)
  A hobgoblin (D:1)
  2 kobolds (D:1)
  A frilled lizard (D:1)
  3 rats (D:1)
12 creatures vanquished.
